AoeStats
← PK_-_93

Black Forest

505860102Analyzed
2v2 RM · 22d ago on Sep 11, 2026· 47m 41s· 4 players
Game mode
Random Map
Map size
Medium (4 player)
Population
200
Speed
Normal
Resources
Standard
Victory
Conquest
Starting age
Dark Age
Ending age
Imperial Age
RankedLock teamsTeams togetherTeam positionsShared explorationLock speedFull tech treeHidden civsTurbo modeCheats
Victory
Defeat
🇹🇷 Persians · Türkiye
828
+16
🇬🇧 Britons · United Kingdom
808
+16
🇧🇪 Spanish · Belgium
823
-16
🇩🇪 Celts · Germany
819
-16
Stoepkakker
0:27 Loom
12:31 Feudal Age
15:49 Double-Bit Axe
19:43 Castle Age
22:03 Horse Collar
23:00 Bow Saw
22:42 Fletching
27:23 Padded Archer Armor
28:23 Leather Archer Armor
29:32 Caravan
34:46 Imperial Age
32:45 Gold Mining
32:45 Stone Mining
32:57 Heavy Plow
33:09 Bodkin Arrow
34:48 Elite Longbowman
35:53 Conscription
35:12 Pikeman
35:53 Squires
35:59 Squires
36:29 Bracer
36:59 Ring Archer Armor
38:47 Chemistry
38:53 Halberdier
39:52 Scale Mail Armor
41:04 Yeomen
45:56 Ballistics
Hormozan
0:28 Loom
13:08 Feudal Age
14:50 Double-Bit Axe
18:08 Fletching
19:04 Forging
19:56 Scale Mail Armor
26:34 Castle Age
26:16 Gold Mining
26:17 Stone Mining
27:30 Bow Saw
27:02 Horse Collar
37:30 Imperial Age
35:39 Wheelbarrow
34:52 Town Watch
37:53 Gold Shaft Mining
37:24 Caravan
39:03 Chemistry
37:59 Pikeman
41:38 Town Patrol
42:22 Stone Shaft Mining
43:46 Hand Cart
44:14 Iron Casting
43:40 Padded Archer Armor
43:56 Chain Mail Armor
45:45 Coinage
46:29 Elite War Elephant
PK_-_93
10:29 Feudal Age
11:05 Double-Bit Axe
12:54 Man-at-Arms
14:28 Gold Mining
19:07 Horse Collar
22:37 Castle Age
21:00 Stone Mining
24:57 Fletching
27:33 Gold Shaft Mining
27:25 Bow Saw
29:08 Forging
29:04 Scale Mail Armor
29:31 Gambesons
35:07 Imperial Age
35:31 Wheelbarrow
35:09 Town Watch
36:11 Heavy Plow
36:44 Capped Ram
37:44 Bodkin Arrow
38:25 Iron Casting
38:06 Chain Mail Armor
39:11 Siege Ram
42:06 Elite Skirmisher
44:25 Plate Mail Armor
44:08 Padded Archer Armor
44:11 Elite Woad Raider
46:10 Leather Archer Armor
47:00 Chemistry
46:25 Ballistics
Gokui
0:33 Loom
13:55 Feudal Age
19:16 Horse Collar
26:13 Castle Age
27:56 Heavy Plow
28:05 Scale Barding Armor
28:10 Forging
28:03 Caravan
30:17 Double-Bit Axe
30:57 Husbandry
31:08 Bloodlines
32:10 Fortified Wall
31:58 Murder Holes
37:12 Imperial Age
35:39 Bow Saw
36:13 Gold Mining
36:15 Stone Mining
40:40 Two-Man Saw
39:13 Cavalier
40:25 Gold Mining
43:46 Stone Shaft Mining
Connection lost

Rejoining the realm…

Still unreachable

The connection could not be restored.

Session expired

The server has moved on; the page needs a fresh start.